 Dungeon Crawl Stone Soup version 0.25-a0-578-gc91f01c39c (webtiles) character file.

Game seed: 12488742342798377856, levelgen mode: classic

4162 EnegeticOcto the Cleaver (level 10, 77/96 HPs)
             Began as a Deep Dwarf Fighter on Mar 5, 2020.
             Was an Initiate of Makhleb.
             Quit the game on level 7 of the Dungeon.
             The game lasted 00:02:50 (2705 turns).

EnegeticOcto the Cleaver (Deep Dwarf Fighter)       Turns: 2705, Time: 00:02:50

Health: 77/96      AC: 13    Str: 23    XL:     10   Next: 7%
Magic:  1/1        EV:  5    Int:  9    God:    Makhleb [......]
Gold:   79         SH: 11    Dex: 12    Spells: 9/9 levels left

rFire    . . .     SeeInvis .   a - +1 war axe
rCold    . . .     Gourm    .   c - +0 kite shield
rNeg     . . .     Faith    .   u - +0 plate armour
rPois    .         Spirit   .   (no helmet)
rElec    .         Reflect  .   (no cloak)
rCorr    .         Harm     .   (no gloves)
MR       +....                  (no boots)
Stlth    ..........             (no amulet)
HPRegen  0.00/turn              (no ring)
MPRegen  0.07/turn              (no ring)

@: mighty, non-regenerating
A: damage resistance, heal wounds, sense surroundings 2, no regeneration
a: Heal Wounds, Renounce Religion


You were on level 7 of the Dungeon.
You worshipped Makhleb.
Makhleb was noncommittal.
You were near starving.

You visited 2 branches of the dungeon, and saw 8 of its levels.
You also visited: Ossuary.

You collected 79 gold pieces.

Inventory:

Hand Weapons
 a - a +1 war axe (weapon)
Armour
 c - a +0 kite shield (worn)
 u - a +0 plate armour (worn)
Wands
 o - a wand of polymorph (12)
 t - a wand of iceblast (10)
Scrolls
 h - a scroll of remove curse {@r6}
 l - 2 scrolls of enchant weapon
 m - a scroll of teleportation {@r2}
Potions
 d - 3 potions of curing {@q1}
 f - 2 potions of heal wounds {unknown}
 g - a potion of lignification {unknown}
 i - a potion of mutation {unknown}
 n - a potion of ambrosia {unknown}
 p - 2 potions of brilliance {unknown}
 r - a potion of cancellation {unknown}
 s - a potion of haste {unknown}
Comestibles
 e - 8 rations


   Skills:
 * Level 7.7 Fighting
 * Level 9.0 Axes
 + Level 6.9 Armour
 + Level 6.9 Shields
 * Level 6.6 Invocations


You had 9 spell levels left.
You didn't know any spells.
Your spell library was empty.

Dungeon Overview and Level Annotations

Branches:
Dungeon (7/15)             Temple (1/1) D:5         Ossuary (visited)

Altars:
Ashenzari
Cheibriados
Dithmenos
Elyvilon
Fedhas
Hepliaklqana
Kikubaaqudgha
Makhleb
Nemelex Xobeh
Okawaru
Qazlal
Ru
Sif Muna
Uskayaw
Vehumet
Wu Jian
Xom
Yredelemnul
Zin
The Shining One

Shops:
D:4 [


Innate Abilities, Weirdness & Mutations

You are resistant to damage.
You can heal yourself by infusing magical energy.
You passively map the area around you.
You do not regenerate.


Message History

You block the skeletal warrior's attack.
You fail to use your ability.
Your magical essence is drained by the effort!
You feel much better.
The skeletal warrior hits you but does no damage.
Your health is already full.
You closely miss the skeletal warrior.
The skeletal warrior is moderately damaged.
You block the skeletal warrior's attack.
You hit the skeletal warrior but do no damage.
The skeletal warrior is moderately damaged.
The skeletal warrior hits you but does no damage.
You hit the skeletal warrior but do no damage.
The skeletal warrior is lightly damaged.
You block the skeletal warrior's attack.
You hit the skeletal warrior.
The skeletal warrior is lightly damaged.
The skeletal warrior hits you with a +0 long sword.
Your shield and plate armour prevent you from hitting the skeletal warrior.
The skeletal warrior is lightly damaged.
You block the skeletal warrior's attack.
You slash the skeletal warrior!
The skeletal warrior is moderately damaged.
The skeletal warrior hits you but does no damage.
You hit the skeletal warrior.
The skeletal warrior is moderately damaged.
The skeletal warrior hits you with a +0 long sword!
You hit the skeletal warrior.
The skeletal warrior is moderately damaged.
The skeletal warrior hits you with a +0 long sword!
You hit the skeletal warrior but do no damage.
The skeletal warrior is moderately damaged.
The skeletal warrior hits you but does no damage.
You slash the skeletal warrior!
The skeletal warrior is heavily damaged.
You block the skeletal warrior's attack.
You closely miss the skeletal warrior.
The skeletal warrior is heavily damaged.
The skeletal warrior barely misses you.
You slash the skeletal warrior!
The skeletal warrior is severely damaged.
You block the skeletal warrior's attack.
You closely miss the skeletal warrior.
The skeletal warrior is severely damaged.
You block the skeletal warrior's attack.
You slash the skeletal warrior!
The skeletal warrior is almost destroyed.
The skeletal warrior hits you with a +0 long sword!
You slash the skeletal warrior!
You destroy the skeletal warrior!
Makhleb accepts your kill.
Your Invocations skill increases to level 6!
Your shield and plate armour prevent you from hitting the skeletal warrior.
The skeletal warrior barely misses you.
You hit the skeletal warrior but do no damage.
The skeletal warrior hits you with a +0 hand axe.
You slash the skeletal warrior!
The skeletal warrior is moderately damaged.
The skeletal warrior hits you but does no damage.
You hit the skeletal warrior but do no damage.
The skeletal warrior is moderately damaged.
The skeletal warrior barely misses you.
You slash the skeletal warrior!
The skeletal warrior is heavily damaged.
The skeletal warrior hits you with a +0 hand axe!
You are too injured to fight recklessly!
You are too injured to fight recklessly!
You are too injured to fight recklessly!
You are too injured to fight recklessly!
You are too injured to fight recklessly!
You are too injured to fight recklessly!
You are too injured to fight recklessly!
You are too injured to fight recklessly!
You are too injured to fight recklessly!
You are too injured to fight recklessly!
You are too injured to fight recklessly!
You are too injured to fight recklessly!
You are too injured to fight recklessly!
You are too injured to fight recklessly!
You feel much better.
The skeletal warrior closely misses you.
Your magical essence is drained by the effort!
You feel much better.
You block the skeletal warrior's attack.
You hit the skeletal warrior.
The skeletal warrior is heavily damaged.
You block the skeletal warrior's attack.
You slash the skeletal warrior!
The skeletal warrior is severely damaged.
The skeletal warrior hits you with a +0 hand axe!
You slash the skeletal warrior!
The skeletal warrior is almost destroyed.
The skeletal warrior hits you with a +0 hand axe!
You slash the skeletal warrior!
You destroy the skeletal warrior!
Makhleb accepts your kill.
Your Axes skill increases to level 9!
You have reached level 10!
Unknown command.
Are you sure you want to abandon this character and quit the game? (Confirm with "yes".)

* ,
..............%
*,*
####...z.......
#......Z.......
*,
,#)##...zz......*
#.##.#######.##*
≈ #....#* * ,≈
####Z#*, * ,, ≈ *
#S# ,** *** #@#
,, * #)# * * * *
#.# , , #.#
..#######.#
.....)....# ****
* , ..######..# ,
, * ,,* #..# * *
,, #..# ,


You could see an adder and a jackal zombie.

Vanquished Creatures
  5 skeletal warriors (D:7)
  An ice beast (D:6)
  Blork the orc (D:5)
  A gnoll sergeant (D:6)
  3 elf skeletons (D:6)
  2 water moccasin zombies (Ossuary)
  A scorpion (D:4)
  5 wights (D:6)
  A crimson imp (D:5)
  4 orc priests
  3 hounds
  4 orc wizards
  3 worker ants
  2 big kobold zombies (Ossuary)
  A hound skeleton (D:4)
  2 mummies (Ossuary)
  9 gnolls (D:6)
  A worker ant zombie (D:5)
  2 adders
  A shadow imp (D:6)
  3 adder zombies (Ossuary)
  2 adder skeletons
  2 leopard geckos
  16 orcs
  3 giant cockroaches
  7 jackals
  2 quokkas
  A ball python (D:3)
  3 frilled lizards
  3 hobgoblin zombies (Ossuary)
  A jackal skeleton (D:4)
  3 kobolds (D:3)
  6 kobold zombies (Ossuary)
  2 orc skeletons (D:6)
  5 orc zombies
  A quokka skeleton (D:6)
112 creatures vanquished.

Notes
Turn   | Place    | Note
-------+----------+-------------------------------------------
     0 | D:1      | EnegeticOcto the Deep Dwarf Fighter began the quest for the
                  | Orb.
     0 | D:1      | Reached XP level 1. HP: 20/20 MP: 1/1
     2 | D:1      | Noticed a halfling
     2 | D:1      | Noticed a vampire
     4 | D:1      | Noticed a centaur
     4 | D:1      | Noticed an ogre
     6 | D:1      | Noticed a dwarf
     8 | D:1      | Noticed a formicid
    10 | D:1      | Noticed a gargoyle
    10 | D:1      | Noticed a naga
    12 | D:1      | Noticed a felid
    12 | D:1      | Noticed a demonspawn
    14 | D:1      | Noticed a spriggan
    14 | D:1      | Noticed a merfolk
    16 | D:1      | Noticed a tengu
    16 | D:1      | Noticed a minotaur
    18 | D:1      | Noticed a troll
    18 | D:1      | Noticed a vine stalker
    20 | D:1      | Noticed an elf
    20 | D:1      | Noticed an octopode
    22 | D:1      | Noticed a human
    22 | D:1      | Noticed a draconian
    24 | D:1      | Noticed a ghoul
    26 | D:1      | Noticed a demigod
    57 | D:2      | Reached XP level 2. HP: 27/27 MP: 2/2
   167 | D:4      | Reached skill level 3 in Axes
   167 | D:4      | Reached XP level 3. HP: 34/34 MP: 3/3
   169 | D:4      | Reached XP level 4. HP: 42/42 MP: 4/4
   187 | D:4      | Found a glowing golden altar of the Shining One.
   197 | D:4      | Found Canoomin's Antique Armour Shoppe.
   271 | D:4      | Reached XP level 5. HP: 30/50 MP: 4/4
   456 | D:4      | Reached skill level 4 in Axes
   761 | D:5      | Entered Level 5 of the Dungeon
   828 | D:5      | Reached XP level 6. HP: 49/57 MP: 4/4
  1286 | D:5      | Noticed Blork the orc
  1295 | D:5      | Killed Blork the orc
  1334 | D:5      | Found a staircase to the Ecumenical Temple.
  1340 | Temple   | Entered the Ecumenical Temple
  1562 | D:6      | Reached skill level 5 in Axes
  1619 | D:6      | Reached XP level 7. HP: 33/66 MP: 3/3
  1806 | D:6      | Reached skill level 5 in Fighting
  1823 | D:6      | Reached skill level 5 in Armour
  1828 | D:6      | Reached skill level 5 in Shields
  1833 | D:6      | Reached skill level 6 in Axes
  1985 | D:6      | Found a sand-covered staircase.
  1993 | D:6      | Reached XP level 8. HP: 57/75 MP: 2/2
  1997 | Ossuary  | Entered an ossuary
  2334 | D:6      | Found a burning altar of Makhleb.
  2337 | D:6      | Became a worshipper of Makhleb the Destroyer
  2408 | D:6      | Reached skill level 1 in Invocations
  2576 | D:7      | Noticed a skeletal warrior
  2577 | D:7      | Noticed a skeletal warrior
  2577 | D:7      | Noticed a skeletal warrior
  2577 | D:7      | Noticed a skeletal warrior
  2579 | D:7      | Noticed a skeletal warrior
  2605 | D:7      | Killed a skeletal warrior
  2605 | D:7      | Reached skill level 7 in Axes
  2605 | D:7      | Gained mutation: You passively map the area around you.
                  | [Deep Dwarf growth]
  2605 | D:7      | Reached XP level 9. HP: 35/85 MP: 1/4
  2631 | D:7      | Killed a skeletal warrior
  2657 | D:7      | Killed a skeletal warrior
  2657 | D:7      | Reached skill level 8 in Axes
  2657 | D:7      | Reached skill level 5 in Invocations
  2693 | D:7      | Killed a skeletal warrior
  2704 | D:7      | Killed a skeletal warrior
  2704 | D:7      | Reached skill level 9 in Axes
  2704 | D:7      | Reached XP level 10. HP: 77/96 MP: 1/1
  2705 | D:7      | Quit the game

Levels and vault maps discovered:
D:1:      kb_arrival_jail, layout_loops_ring, minmay_misc_feat_four_crosses
D:2:      layout_loops_corners
D:3:      layout_rooms, bloody_trog
D:4:      layout_loops_ring, tso_metal_star, serial_shops, shop, glass_columns_b
D:5:      layout_loops_ring, minmay_temple_entry_enclosed_plants, first_ration,
          nrook_campfire, corner_web_ring, uniq_blork_the_orc
D:6:      layout_basic, kennysheep_mini, nicolae_ossuary_entry_catacombs,
          grunt_decor_arrowhead
D:7:      layout_basic, serial_rivers, chequers_serial_rivers_micro_d,
          chequers_serial_rivers_micro_b, chequers_serial_rivers_micro_e,
          chequers_serial_rivers_micro_d, chequers_serial_rivers_marsh,
          the_bakery, led_sif_book, uniq_duvessa
Temple:   eino_narrow_crystal_temple

Skill      XL: |  1  2  3  4  5  6  7  8  9 |
---------------+----------------------------+-----
Fighting       | 3 4 5 6 7 |  7.7
Axes           | 3 4 5 6 7 9 |  9.0
Armour         | 4 5 6 |  6.9
Shields        | 4 5 6 |  6.9
Invocations    | 3 6 |  6.6

Action                   |  1- 3 |  4- 6 |  7- 9 | 10-12 || total
-------------------------+-------+-------+-------+-------++-------
Melee: War axe           |    48 |   154 |   267 |       ||   469
 Abil: Heal Wounds       |     2 |     8 |    33 |       ||    43
  Use: Scroll            |       |     5 |     3 |       ||     8
       Potion            |       |       |     2 |       ||     2
  Eat: Chunk             |       |     2 |     3 |       ||     5
Armor: Scale mail        |    24 |   100 |    99 |       ||   223
       Plate armour      |       |       |    26 |       ||    26
Dodge: Dodged            |    17 |    66 |    79 |       ||   162
Block: Kite shield       |    27 |    86 |   162 |       ||   275

Table legend:
 A = Non-vault XP
 B = Vault XP
 C = Vault XP percentage of total XP
 D = Non-vault monster count
 E = Vault monster count
 F = Vault count percentage of total count
                 A         B        C        D         E       F
            +---------+---------+-------+---------+---------+-------
      Total |    5339 |     607 |  10.2 |      83 |      27 |  24.5
            +---------+---------+-------+---------+---------+-------
        D:1 |       1 |       0 |   0.0 |       1 |       0 |   0.0
        D:2 |      15 |       0 |   0.0 |       2 |       0 |   0.0
        D:3 |      18 |       0 |   0.0 |       9 |       0 |   0.0
        D:4 |     316 |       0 |   0.0 |      21 |       0 |   0.0
        D:5 |     237 |      90 |  27.5 |      12 |       1 |   7.7
        D:6 |     883 |     250 |  22.1 |      32 |       6 |  15.8
        D:7 |    3869 |       0 |   0.0 |       6 |       0 |   0.0
    Ossuary |       0 |     267 | 100.0 |       0 |      20 | 100.0
            +---------+---------+-------+---------+---------+-------
